 Dungeon Crawl Stone Soup version 0.20.1-1-g8b1a95d (webtiles) character file.

693329 markt42 the Gargoyle Barricade (level 27, -2/195 HPs)
             Began as a Gargoyle Fighter on Oct 7, 2017.
             Was the Champion of Okawaru.
             Killed from afar by an orb of fire (10 damage)
             ... with a bolt of fire
             ... on level 5 of the Realm of Zot on Oct 20, 2017.
             The game lasted 02:30:50 (67685 turns).

markt42 the Gargoyle Barricade (Gargoyle Fighter)  Turns: 67685, Time: 02:30:52

Health: -2/195     AC: 62    Str: 28    XL:     27
Magic:  21/21      EV:  9    Int: 20    God:    Okawaru [******]
Gold:   4538       SH: 40    Dex: 24    Spells: 26/26 levels left

rFire    + + +     SeeInvis +   G - +12 morningstar of Amopuyk {drain, +Blink rF++ Str-2 Int+4}
rCold    + . .     Gourm    .   A - +18 shield of the Gong {rElec rN+ MR+ EV-5}
rNeg     + + +     Faith    .   b - +9 plate armour of Untruth {Regen+ Dex+4}
rPois    ∞         Spirit   .   y - +0 mask of the Dragon {MR+ Slay+3 SInv}
rElec    +         Reflect  +   U - +4 dragonskin cloak
rCorr    +         Harm     .   w - +1 pair of gloves of Deulohish {-Cast rN+++ Int+5}
MR       +++++     Rnd*Rage +   s - +2 pair of boots {run} Stlth ..........NoCast +
                                T - amulet of the Shining Light {Reflect Int+3 SH+2}
Regen    0.9/turn               t - ring "Alypoica" {rPois rN+ MR+ Dex+4}
MPRegen  0.2/turn               F - ring of Geuserr {rF- rN+++ Str+5 Slay+5 SInv}

@: resistant, flying, very slightly contaminated, studying Evocations,
invisible, quick
A: big wings, horns 1, berserk 1, blurry vision 1, deterioration 1, dopey 1, low
mp 1, magic resistance 1, negative energy resistance 1, electricity resistance,
unbreathing, petrification resistance, rot immunity, subdued magic 1, AC +20
}: 3/15 runes: serpentine, barnacled, silver
a: Stop Flying, Heroism, Finesse, Renounce Religion, Evoke Blink


You were on level 5 of the Realm of Zot.
You worshipped Okawaru.
Okawaru was exalted by your worship.
You were full.

You visited 11 branches of the dungeon, and saw 53 of its levels.
You visited 1 bazaar.
You also visited: Trove.

You collected 7278 gold pieces.
You spent 2740 gold pieces at shops.

Inventory:

Hand Weapons
 z - a +9 eveningstar of protection
 G - the +12 morningstar of Amopuyk (weapon) {drain, +Blink rF++ Str-2 Int+4}
   (Okawaru gifted it to you on level 4 of the Realm of Zot)

   A truly terrible weapon, it drains the life of those it strikes.
   It affects your strength (-2).
   It affects your intelligence (+4).
   It greatly protects you from fire.
   It lets you blink.
Armour
 b - the +9 plate armour of Untruth (worn) {Regen+ Dex+4}
   (You bought it in a shop in a bazaar)

   It affects your dexterity (+4).
   It increases your rate of regeneration.
 e - a scarf of spirit shield
 s - a +2 pair of boots of running (worn)
 w - the +1 pair of gloves of Deulohish (worn) {-Cast rN+++ Int+5}
   (You bought it in a shop on level 3 of the Snake Pit)

   It affects your intelligence (+5).
   It renders you almost immune to negative energy.
   It prevents spellcasting.
 y - the +0 mask of the Dragon (worn) {MR+ Slay+3 SInv}
   (You found it on level 3 of the Depths)

   It affects your accuracy and damage with ranged weapons and melee attacks
   (+3).
   It affects your resistance to hostile enchantments.
   It lets you see invisible.
 A - the +18 shield of the Gong (worn) {rElec rN+ MR+ EV-5}
   (You found it on level 5 of the Vaults)

   It affects your evasion (-5).
   It insulates you from electricity.
   It protects you from negative energy.
   It affects your resistance to hostile enchantments.
 U - the +4 dragonskin cloak (worn)
   (You took it off Tiamat on level 5 of the Realm of Zot)
 X - a +5 large shield of protection
Jewellery
 t - the ring "Alypoica" (left hand) {rPois rN+ MR+ Dex+4}
   (You found it on level 1 of the Depths)

   [ring of protection from magic]

   It affects your dexterity (+4).
   It protects you from poison.
   It protects you from negative energy.
   It affects your resistance to hostile enchantments.
 F - the ring of Geuserr (right hand) {rF- rN+++ Str+5 Slay+5 SInv}
   (You found it on level 6 of the Lair of Beasts)

   [ring of strength]

   It affects your strength (+5).
   It affects your accuracy and damage with ranged weapons and melee attacks
   (+5).
   It makes you vulnerable to fire.
   It renders you almost immune to negative energy.
   It lets you see invisible.
 T - the amulet of the Shining Light (around neck) {Reflect Int+3 SH+2}
   (You bought it in a shop on level 2 of the Orcish Mines)

   [amulet of reflection]

   It shields you and reflects attacks.
   It affects your intelligence (+3).
   It affects your SH (+2).
Wands
 c - a wand of lightning (6/15)
 h - a wand of digging (9/24)
 j - a wand of confusion (15/48)
 k - a wand of iceblast (5/15)
 l - a wand of iceblast (9/15)
 v - a wand of digging (15/24)
 B - a wand of disintegration (13/24)
 C - a wand of acid (7/15)
 E - a wand of lightning (11/15)
 J - a wand of acid (3/15)
 R - a wand of scattershot (7/9)
 Y - a wand of lightning (5/15)
Scrolls
 a - 13 scrolls of teleportation
 m - 27 scrolls of remove curse
 n - 2 scrolls of summoning
 o - 7 scrolls of magic mapping
 p - 6 scrolls of blinking
 u - 9 scrolls of fear
 H - 9 scrolls of fog
 L - 3 scrolls of identify
 M - 9 scrolls of amnesia
 W - 12 scrolls of recharging
Potions
 d - 2 potions of resistance
 i - 3 potions of magic
 q - 19 potions of curing
 D - a potion of ambrosia
 I - a potion of cancellation
 K - 8 potions of brilliance
 P - 8 potions of agility
 S - a potion of haste
 Z - a potion of invisibility
Books
 N - a Young Poisoner's Handbook

   Spells                             Type                      Level
   a - Sting                          Conjuration/Poison           1
   b - Poisonous Vapours              Poison/Air                   2
   c - Mephitic Cloud                 Conjuration/Poison/Air       3
   d - Olgreb's Toxic Radiance        Poison                       4
   e - Venom Bolt                     Conjuration/Poison           5
 V - a manual of Evocations
Comestibles
 f - 23 bread rations
 g - 25 meat rations
 Q - 62 fruits


   Skills:
 + Level 25.9 Fighting
 O Level 27 Maces & Flails
 * Level 21.7 Armour
 + Level 7.1 Dodging
 O Level 27 Shields
 - Level 0.4 Invocations


You had 26 spell levels left.
You didn't know any spells.

Dungeon Overview and Level Annotations

Branches:
Dungeon (15/15)            Temple (1/1) D:7            Lair (6/6) D:10
 Shoals (4/4) Lair:2        Snake (4/4) Lair:4        Slime (0/5) Lair:5
    Orc (2/2) D:10            Elf (3/3) Orc:2        Vaults (5/5) D:13
  Crypt (3/3) Vaults:3       Tomb (0/3) Crypt:3      Depths (5/5) D:15
    Zot (5/5) Depths:5

Altars:
Ashenzari
Cheibriados
Dithmenos
Elyvilon
Fedhas
Gozag
Hepliaklqana
Kikubaaqudgha
Makhleb
Nemelex Xobeh
Okawaru
Qazlal
Ru
Sif Muna
Trog
Uskayaw
Vehumet
Xom
Yredelemnul
Zin
The Shining One
Beogh
Lugonu

Shops:
D:6 }   D:10 ([   D:11 (}   Orc:2 ([=*   Snake:3 ([***   Vaults:1 (
Vaults:5 (

Portals:
Hell: Depths:1 Depths:2 Depths:3 Depths:5
Abyss: Depths:2 Depths:4 Depths:5
Pandemonium: Depths:3
Ziggurat: Depths:4

Annotations:
Depths:4 1 transporter


Innate Abilities, Weirdness & Mutations

You are resistant to torment.
Your stone body is resilient. (AC +20)
You are immune to poison.
Your large and strong wings let you fly indefinitely.
You resist negative energy. (rN+)
You are resistant to electric shocks. (rElec)
You can survive without breathing.
You are immune to petrification.
You are immune to rotting.
You have a pair of small horns on your head.
You tend to lose your temper in combat.
Scrolls take you a little longer to read.
Your body sometimes deteriorates upon taking damage.
You are dopey. (Int -2)
Your magical capacity is low. (-10% MP)
You are resistant to hostile enchantments. (MR+)
Your spells are a little easier to cast, but a little less powerful.


Message History

The fireball engulfs the orb of fire.
The orb of fire completely resists.
You feel better.
You feel less invigorated.
The orb of fire glows red.
The fireball explodes!
The fireball engulfs you! You resist.
* * * LOW HITPOINT WARNING * * *
The fireball engulfs the orb of fire.
The orb of fire completely resists.
You feel better.
The orb of fire glows red.
The bolt of fire hits you! You resist.
* * * LOW HITPOINT WARNING * * *
Really read with blurry vision while enemies are nearby?
The orb of fire glows deep purple.
The fireball explodes!
The fireball engulfs you! You resist.
* * * LOW HITPOINT WARNING * * *
The fireball engulfs the orb of fire.
The orb of fire completely resists.
The fireball engulfs the orb of fire.
The orb of fire completely resists.
You begin reading the scroll.
You continue reading the scroll.
The orb of fire glows deep purple.
The bolt of fire hits you! You resist.
You die...

#.....### #...### #####
#...# #### #...# #...#
..(# #...# #...#
...##########...#######.##
................)))))<..#
####▓▓▓▓########)########
#.......@)......#
##......**.....##
#.............#
##....^......## D...
#...........# .... ..q.
##...........## .... d...
#.............# .... ....
##.............## ....
.... ##.............^.##
....


You could see 2 orbs of fire.

Vanquished Creatures
  Tiamat (Zot:5)
  An orb of fire (Zot:5)
  2 ancient liches (Zot:5)
  Mennas (Vaults:3)
  3 juggernauts
  Bai Suzhen (Crypt:1)
  3 curse toes
  3 caustic shrikes
  A caustic shrike (shapeshifter) (Vaults:5)
  A bone dragon (Crypt:3)
  11 golden dragons
  the Enchantress (Depths:1)
  3 electric golems
  Jorgrun (Vaults:5)
  The ghost of torrenera the Severer, an adept DrEE of Vehumet (Snake:1)
  15 tentacled monstrosities
  6 liches
  7 Orb Guardians (Zot:5)
  2 deep elf blademasters
  Asterion (Depths:1)
  7 titans
  9 quicksilver dragons
  An ancient champion (Crypt:1)
  3 krakens
  8 death cobs
  9 sphinxes
  Agnes (D:15)
  Donald (Shoals:3)
  7 tengu reavers
  15 shadow dragons
  Ilsuiw (Shoals:3)
  17 storm dragons
  4 draconian monks
  15 nagarajas
  9 frost giants
  4 revenants
  4 draconian knights
  2 draconian scorchers
  9 fire giants
  A balrug (Depths:1)
  16 vault wardens
  6 deep elf sorcerers (Elf:3)
  2 curse skulls
  3 draconian shifters
  2 ghost moths
  17 ironheart preservers
  Aizul (Depths:2)
  2 orc warlords
  5 draconian stormcallers
  9 draconian annihilators
  5 deep elf elementalists
  24 stone giants
  A caustic shrike skeleton (Depths:3)
  An entropy weaver (Vaults:2)
  8 green draconians
  7 spriggan defenders (Depths:2)
  The ghost of Trampli the Severer, a journeyman FoFi of Makhleb (Lair:5)
  9 war gargoyles
  11 very ugly things
  6 vampire knights
  An entropy weaver (shapeshifter) (Vaults:5)
  10 deep elf demonologists
  Nessos (Lair:6)
  13 red draconians
  21 spark wasps
  8 black draconians
  10 purple draconians
  11 white draconians
  7 deep elf annihilators
  14 yellow draconians
  5 merfolk javelineers
  4 large abominations
  17 ettins
  A crystal guardian (Vaults:2)
  A mummy priest (Crypt:3)
  Snorg (Orc:1)
  2 quicksilver dragon zombies (Crypt:3)
  4 eidola (Crypt:2)
  5 small abominations
  11 merfolk impalers
  14 fire dragons
  5 jiangshi
  6 deep elf high priests
  14 deep elf death magi
  4 death oozes (Crypt:2)
  10 ice dragons
  8 great orbs of eyes
  14 yaktaur captains
  The ghost of Dirian the Carver, a journeyman MiFi of Makhleb (D:11)
  A rakshasa (Depths:1)
  15 naga warriors
  3 hydras
  32 vault guards
  7 merfolk avatars
  2 satyrs (Shoals:3)
  4 spriggan air magi
  66 two-headed ogres
  8 anacondas
  Erica (D:11)
  9 centaur warriors
  7 merfolk aquamancers
  5 catoblepae
  4 death knights
  6 death yaks
  The ghost of vineage the Carver, a journeyman GrFi of Okawaru (Lair:1)
  20 ogre magi
  8 deep troll shamans
  3 spriggan berserkers
  7 vampire magi
  2 spectral storm dragons (Crypt:1)
  2 titan zombies (Crypt:3)
  26 dancing weapons
  5 naga sharpshooters
  11 deep troll earth magi
  8 tengu warriors
  5 shock serpents
  Urug (D:10)
  A fire crab (shapeshifter) (Depths:5)
  22 deep elf knights
  18 hell knights
  3 orc high priests
  2 soul eaters
  Nergalle (D:11)
  A titan skeleton (Crypt:3)
  2 sun demons (Depths:1)
  2 salamander mystics
  24 skeletal warriors
  2 storm dragon skeletons
  A storm dragon zombie (Crypt:3)
  16 sea snakes
  A golden dragon zombie (Crypt:2)
  6 shadow wraiths
  The ghost of Frank the Slasher, a novice OpFi of Gozag (D:7)
  24 deep trolls
  13 unseen horrors
  An entropy weaver zombie (Vaults:3)
  3 flayed ghosts
  A glowing orange brain (Vaults:3)
  6 naga ritualists
  17 ironbrand convokers
  21 deep elf archers
  12 harpies
  8 wizards
  2 lindwurms (Depths:1)
  12 mana vipers
  A wolf spider zombie (Crypt:3)
  Pikel (D:6)
  55 deep elf magi
  17 phantasmal warriors
  6 necromancers
  17 orc knights
  4 spectral ice dragons (Crypt:1)
  7 cyclopes
  7 orc sorcerers
  5 wolf spiders
  2 spectral fire dragons (Crypt:1)
  An oklob plant (D:10)
  2 shining eyes (Depths:4)
  A stone giant zombie (Crypt:2)
  The ghost of Frank the Slasher, a novice OpFi (D:5)
  A sphinx zombie (Depths:3)
  14 manticores
  10 salamanders
  A shining eye (shapeshifter) (Depths:4)
  A fire giant zombie (Depths:3)
  57 ugly things
  17 moths of wrath
  12 fire giant skeletons (Crypt:3)
  19 fauns
  An iron dragon skeleton (Crypt:3)
  36 black mambas
  19 vault sentinels
  A stone giant skeleton (Crypt:3)
  4 water nymphs
  9 guardian serpents
  23 naga magi
  12 merfolk sirens
  An eye of devastation (Depths:4)
  A water nymph (shapeshifter) (Vaults:4)
  11 spiny frogs
  A black draconian zombie (Crypt:2)
  2 torpor snails
  A storm dragon simulacrum (Depths:3)
  2 centaur skeletons
  5 gargoyles
  A spiny frog (shapeshifter) (Vaults:2)
  2 rime drakes (Lair:4)
  11 komodo dragons
  A yaktaur (shapeshifter) (Vaults:3)
  2 emperor scorpion zombies
  A catoblepas zombie (Crypt:1)
  A rime drake (shapeshifter) (Vaults:4)
  An efreet (D:14)
  A komodo dragon (shapeshifter) (Vaults:1)
  38 yaktaurs
  A tengu conjurer (Depths:3)
  9 freezing wraiths
  A catoblepas skeleton (Crypt:3)
  10 trolls
  An iron troll skeleton (Crypt:1)
  26 merfolk
  A polar bear (Lair:2)
  3 meliai (D:15)
  A meliai (shapeshifter) (D:15)
  A hornet (shapeshifter) (Vaults:2)
  11 hornets
  A jumping spider (shapeshifter) (Vaults:1)
  Prince Ribbit (D:5)
  11 blink frogs
  8 wind drakes
  16 hippogriffs
  A raiju (shapeshifter) (Depths:1)
  An alligator zombie (Crypt:3)
  39 slime creatures
  9 dream sheep
  A blink frog (shapeshifter) (Depths:5)
  A tarantella zombie (Crypt:2)
  An ettin zombie (Crypt:2)
  A dream sheep (shapeshifter) (Depths:1)
  19 flying skulls (Crypt:1)
  14 snapping turtles
  2 spriggans (shapeshifter)
  8 air elementals
  An ice dragon skeleton (Crypt:1)
  5 spriggans
  5 shadows
  2 ettin skeletons
  A wyvern (D:13)
  5 vampires
  4 fire dragon skeletons (Crypt:3)
  6 hungry ghosts
  11 wraiths
  5 fire elementals
  22 water elementals
  71 yaks
  A basilisk (shapeshifter) (Vaults:1)
  4 basilisks
  A hog (shapeshifter) (Vaults:1)
  2 chaos spawn (Depths:4)
  A steam dragon (D:10)
  14 water moccasins
  A deep troll zombie (Vaults:3)
  9 vampire mosquitoes
  6 acid dragons
  73 nagas
  3 wargs
  A soldier ant (D:13)
  An infernal demonspawn skeleton (Crypt:2)
  15 porcupines
  3 floating eyes
  37 orc warriors
  A hornet zombie (D:15)
  An eye of draining (D:15)
  3 slaves (D:6)
  An eye of draining (shapeshifter) (Vaults:1)
  A lindwurm zombie (Crypt:2)
  A black bear (D:8)
  A necrophage (D:10)
  2 swamp dragon zombies (Crypt:3)
  9 ice beasts
  4 sky beasts
  44 ogres
  7 wolves
  8 boggarts
  2 phantoms
  22 centaurs
  10 crocodiles
  2 manticore skeletons
  4 big kobolds
  An octopode zombie (Crypt:2)
  17 bullfrogs
  6 earth elementals
  An elf simulacrum (Vaults:1)
  A wyvern zombie (D:7)
  A hornet simulacrum (D:14)
  A polar bear zombie (Crypt:2)
  2 wyvern skeletons
  4 scorpions
  A human simulacrum (Vaults:3)
  8 killer bees
  9 wights
  A yak skeleton (Crypt:1)
  2 electric eels
  A howler monkey (D:9)
  13 crimson imps
  7 centaur zombies
  10 hounds
  2 bullfrog skeletons
  A human zombie (Crypt:2)
  A basilisk zombie (Crypt:2)
  25 orc priests
  11 jellies
  4 iguanas
  33 orc wizards
  12 worker ants
  A hound zombie (D:8)
  2 hound skeletons
  7 gnolls (D:6)
  12 adders
  3 shadow imps
  7 oozes
  An ooze (shapeshifter) (Depths:1)
  2 worms (D:2)
  A dart slug (D:2)
  8 leopard geckos
  118 orcs
  3 giant cockroaches
  5 hobgoblins
  8 jackals
  5 quokkas
  4 ball pythons
  5 bats
  6 frilled lizards
  4 goblins
  A goblin skeleton (Crypt:1)
  A jackal skeleton (D:4)
  A jackal zombie (D:8)
  24 kobolds
  2 leopard gecko zombies
  An orc skeleton (Crypt:1)
  An orc zombie (Crypt:1)
  A quokka zombie (Crypt:2)
  9 rats
  A rat zombie (D:4)
  3 plants
  3 tentacles
2547 creatures vanquished.

Vanquished Creatures (others)
  A deep elf master archer (Elf:3)
  3 stone giants
  A yellow draconian (Zot:5)
  3 merfolk javelineers
  A yaktaur captain (Vaults:5)
  A vault guard (Vaults:3)
  2 centaur warriors
  An anaconda (Depths:1)
  A satyr (Shoals:4)
  A merfolk aquamancer (Shoals:4)
  3 naga sharpshooters
  2 deep elf archers (Vaults:4)
  A harpy (Shoals:4)
  A cyclops (Shoals:4)
  4 deep elf magi
  A moth of wrath (Zot:5)
  3 fauns (Shoals:2)
  A salamander (Snake:2)
  A merfolk siren (Shoals:4)
  A vault sentinel (Vaults:4)
  A black mamba (Snake:3)
  11 yaktaurs
  An air elemental (Depths:2)
  A hog (shapeshifter) (Vaults:5)
  A floating eye (Depths:5)
  3 orc warriors
  3 centaurs
  An adder (D:15)
  4 orcs
  A fungus (Lair:6)
  9 plants
  12 tentacles
  15 withered plants (Crypt:2)
96 creatures vanquished.

Grand Total: 2643 creatures vanquished

Notes
Turn   | Place    | Note
-------+----------+-------------------------------------------
     0 | D:1      | markt42 the Gargoyle Fighter began the quest for the Orb.
     0 | D:1      | Reached XP level 1. HP: 14/14 MP: 1/1
    86 | D:1      | Reached XP level 2. HP: 16/19 MP: 2/2
   446 | D:2      | Reached XP level 3. HP: 11/23 MP: 3/3
   974 | D:2      | Found a glowing silver altar of Zin.
   980 | D:2      | Reached XP level 4. HP: 26/28 MP: 4/4
  1304 | D:2      | Found a shimmering altar of Xom.
  2087 | D:4      | Reached XP level 5. HP: 23/33 MP: 5/5
  2177 | D:4      | Found an ancient bone altar of Kikubaaqudgha.
  2270 | D:4      | Found a glowing golden altar of the Shining One.
  2622 | D:5      | Entered Level 5 of the Dungeon
  2623 | D:5      | Noticed a centaur
  2629 | D:5      | Reached XP level 6. HP: 33/38 MP: 6/6
  2634 | D:5      | Reached skill level 5 in Maces & Flails
  2700 | D:5      | Noticed Prince Ribbit
  2716 | D:5      | Killed Prince Ribbit
  2716 | D:5      | Reached skill level 5 in Armour
  2716 | D:5      | Reached skill level 1 in Dodging
  2716 | D:5      | Reached XP level 7. HP: 16/43 MP: 7/7
  2957 | D:5      | Noticed Frank's ghost (novice OpFi)
  2970 | D:5      | Killed Frank's ghost
  2970 | D:5      | Reached XP level 8. HP: 41/48 MP: 8/8
  3311 | D:5      | Found an opulent altar of Gozag.
  3752 | D:6      | Found Viastroy's Gadget Emporium.
  3765 | D:6      | Reached skill level 5 in Shields
  3773 | D:6      | Reached XP level 9. HP: 47/53 MP: 9/9
  3953 | D:6      | Found a shattered altar of Ashenzari.
  3955 | D:6      | Noticed Pikel
  3999 | D:6      | Killed Pikel
  3999 | D:6      | Reached skill level 5 in Fighting
  4245 | D:6      | Got a smoking plate armour
  4246 | D:6      | Identified the +2 plate armour of Demons {Str+5 Stlth-} (You found it on level 6 of the Dungeon)
  4352 | D:6      | Found a bloodstained altar of Trog.
  4643 | D:7      | Found a radiant altar of Vehumet.
  4871 | D:7      | Reached skill level 10 in Maces & Flails
  4978 | D:7      | Reached XP level 10. HP: 59/59 MP: 10/10
  5008 | D:7      | Noticed Frank's ghost (novice OpFi)
  5018 | D:7      | Killed Frank's ghost
  5043 | D:7      | Found a staircase to the Ecumenical Temple.
  5126 | Temple   | Entered the Ecumenical Temple
  5416 | Temple   | Became a worshipper of Warmaster Okawaru
  6021 | D:8      | Reached * piety under Okawaru
  6197 | D:8      | Found a deep blue altar of Sif Muna.
  6311 | D:8      | Gained mutation: You are partially covered in yellow scales. (AC +2) [mutagenic meat]
  6312 | D:8      | Gained mutation: Your spells are a little harder to cast, but a little more powerful. [mutagenic meat]
  6313 | D:8      | Gained mutation: You have a somewhat thin skeletal structure. (Dex +2, Stealth) [mutagenic meat]
  6314 | D:8      | Gained mutation: You are somewhat resistant to further mutation. [mutagenic meat]
  6353 | D:8      | Found a snail-covered altar of Cheibriados.
  6716 | D:8      | Got a fine great mace
  6727 | D:8      | Identified the cursed +1 great mace of Incongruity {crush, rElec Str+3} (You found it on level 8 of the Dungeon)
  7044 | D:9      | Found an opulent altar of Gozag.
  7063 | D:9      | Reached ** piety under Okawaru
  7309 | D:9      | Reached XP level 11. HP: 64/64 MP: 11/11
  7713 | D:10     | Entered Level 10 of the Dungeon
  7751 | D:10     | Found Uceweodoe's Armour Emporium.
  7793 | D:10     | Found a staircase to the Orcish Mines.
  7796 | D:10     | Found Qosmebi's Weapon Emporium.
  7812 | D:10     | Bought a +0 large shield of fire resistance for 149 gold pieces
  8027 | D:10     | Noticed a deep elf mage
  8035 | D:10     | Killed a deep elf mage
  8035 | D:10     | Reached *** piety under Okawaru
  8082 | D:10     | Found a staircase to the Lair.
  8085 | D:10     | Noticed an oklob plant
  8165 | D:10     | Noticed a wizard
  8181 | D:10     | Killed a wizard
  8290 | D:10     | Got a vibrating wooden ring
  8291 | D:10     | Identified the ring "Ekhaocy" {rC+ Dex+6} (You found it on level 10 of the Dungeon)
  8307 | D:10     | Noticed Urug
  8327 | D:10     | Killed Urug
  8370 | D:10     | Killed an oklob plant
  8415 | D:10     | Reached **** piety under Okawaru
  8727 | D:10     | Identified the Grimoire of the Blistering Traveller
  9046 | D:11     | Noticed Erica
  9067 | D:11     | Killed Erica
  9117 | D:11     | Noticed Nergalle
  9132 | D:11     | Killed Nergalle
  9157 | D:11     | Found Lunnox's Antique Weapon Boutique.
  9159 | D:11     | Noticed Dirian's ghost (journeyman MiFi)
  9190 | D:11     | Reached ***** piety under Okawaru
  9225 | D:11     | Reached XP level 12. HP: 72/72 MP: 12/12
  9251 | D:11     | Killed Dirian's ghost
  9251 | D:11     | Reached skill level 10 in Shields
  9696 | D:11     | Found Ekho Cil's Gadget Shoppe.
 10466 | D:12     | You fall through a shaft for 3 floors!
 10466 | D:15     | Entered Level 15 of the Dungeon
 10565 | D:13     | Received a gift from Okawaru
 10652 | D:13     | Noticed a two-headed ogre
 10661 | D:13     | Killed a two-headed ogre
 10728 | D:13     | Noticed a centaur warrior
 10736 | D:13     | Killed a centaur warrior
 10748 | D:13     | Found a gate to the Vaults.
 10905 | D:13     | Noticed a centaur warrior
 10920 | D:13     | Killed a centaur warrior
 10929 | D:13     | Reached XP level 13. HP: 55/78 MP: 13/13
 11152 | D:13     | Found a runed door.
 11153 | D:13     | Noticed a storm dragon
 11165 | D:13     | Reached ****** piety under Okawaru
 11190 | D:13     | Killed a storm dragon
 11198 | D:13     | Identified the Compendium of the Captivating Compass
 11315 | D:12     | Received a gift from Okawaru
 12627 | D:13     | Received a gift from Okawaru
 12948 | D:13     | Identified Tytzoo Guno's Collected Works on Bewitchment and Dislocation
 13648 | D:14     | Gained mutation: Your large and strong wings let you fly indefinitely. [Gargoyle growth]
 13648 | D:14     | Reached XP level 14. HP: 51/84 MP: 14/14
 13820 | D:14     | Reached skill level 15 in Maces & Flails
 13820 | D:14     | Reached skill level 15 in Shields
 13847 | D:14     | Identified Ezxuruys's Tome of Dhcmrlchtdj
 13993 | D:14     | Received a gift from Okawaru
 13994 | D:14     | Got an ichor-stained ring mail {god gift}
 14018 | D:14     | Identified the +0 ring mail of the Forgotten Souls {*Corrode Int+3 Stlth+} (Okawaru gifted it to you on level 14 of the Dungeon)
 14105 | D:14     | Identified Hoschosea's Almanac of Combed Thunderclap
 14118 | D:14     | Identified the Catalogue of Sand
 14589 | Lair:1   | Entered Level 1 of the Lair of Beasts
 14608 | Lair:1   | Noticed vineage's ghost (journeyman GrFi)
 14634 | Lair:1   | Killed vineage's ghost
 14634 | Lair:1   | Reached skill level 10 in Armour
 15513 | Lair:2   | Found a staircase to the Shoals.
 16422 | Lair:3   | Identified a scroll of acquirement
 16670 | Lair:3   | Received a gift from Okawaru
 17244 | Lair:4   | Found a staircase to the Snake Pit.
 17731 | Lair:4   | Reached XP level 15. HP: 91/91 MP: 15/15
 17949 | Lair:4   | Received a gift from Okawaru
 18227 | Lair:5   | Noticed Trampli's ghost (journeyman FoFi)
 18252 | Lair:5   | Killed Trampli's ghost
 18872 | Lair:5   | Found a staircase to the Slime Pits.
 19375 | Lair:6   | Entered Level 6 of the Lair of Beasts
 19538 | Lair:6   | Identified the ring of Geuserr {rF- rN+++ Str+5 Slay+5 SInv} (You found it on level 6 of the Lair of Beasts)
 19687 | Lair:6   | Noticed Nessos
 19692 | Lair:6   | Killed Nessos
 19903 | Lair:6   | Reached skill level 10 in Fighting
 20614 | Orc:1    | Entered Level 1 of the Orcish Mines
 20630 | Orc:1    | Noticed Snorg
 20646 | Orc:1    | Killed Snorg
 20787 | Orc:1    | Paralysed by an orc sorcerer for 7 turns
 20852 | Orc:1    | Paralysed by an orc sorcerer for 5 turns
 20989 | Orc:1    | Found a roughly hewn altar of Beogh.
 21102 | Orc:2    | Entered Level 2 of the Orcish Mines
 21907 | Orc:2    | Paralysed by an orc sorcerer for 2 turns
 22033 | Orc:2    | Noticed an orc warlord
 22035 | Orc:2    | Found a roughly hewn altar of Beogh.
 22067 | Orc:2    | Killed an orc warlord
 22072 | Orc:2    | Received a gift from Okawaru
 22099 | Orc:2    | Got a twisted ring mail {god gift}
 22110 | Orc:2    | Identified the +4 ring mail "Ximegos" {-Tele rElec rPois rCorr} (Okawaru gifted it to you on level 2 of the Orcish Mines)
 22205 | Orc:2    | Reached XP level 16. HP: 86/98 MP: 13/16
 22243 | Orc:2    | Found Kazituar's Jewellery Emporium.
 22248 | Orc:2    | Found Bixiyt's Antique Weapon Emporium.
 22353 | Orc:2    | Found Vaikeasu's Antique Armour Emporium.
 22379 | Orc:2    | Bought a warped helmet for 247 gold pieces
 22389 | Orc:2    | Identified the cursed +0 helmet of Somewhere Else {+Blink Int+3} (You bought it in a shop on level 2 of the Orcish Mines)
 22636 | Orc:2    | Paralysed by an orc sorcerer for 3 turns
 22762 | Orc:2    | Found Xoff's General Store.
 22768 | Orc:2    | Bought a scroll of identify for 32 gold pieces
 22768 | Orc:2    | Bought a scroll of enchant armour for 120 gold pieces
 22768 | Orc:2    | Bought a scroll of identify for 32 gold pieces
 22768 | Orc:2    | Bought a scroll of identify for 32 gold pieces
 22777 | Orc:2    | Found a staircase to the Elven Halls.
 22860 | Orc:2    | Bought the amulet of the Shining Light {Reflect Int+3 SH+2} for 312 gold pieces
 23298 | D:15     | Noticed Agnes
 23319 | D:15     | Killed Agnes
 23492 | D:15     | Found a staircase to the Depths.
 23522 | D:15     | Got a shimmering chain mail
 23523 | D:15     | Identified the cursed +0 chain mail "Juanuny" {SInv} (You found it on level 15 of the Dungeon)
 23947 | D:15     | Found a portal to a secret trove of treasure.
 24324 | Snake:1  | Entered Level 1 of the Snake Pit
 24339 | Snake:1  | Received a gift from Okawaru
 24658 | Snake:1  | Noticed torrenera's ghost (adept DrEE)
 24674 | Snake:1  | Killed torrenera's ghost
 25200 | Snake:2  | Reached XP level 17. HP: 86/104 MP: 8/17
 25205 | Snake:2  | Received a gift from Okawaru
 26005 | Snake:3  | Found Apranong's General Store.
 26013 | Snake:3  | Bought a potion of agility for 64 gold pieces
 26019 | Snake:3  | Found Tadumelu's Armour Emporium.
 26391 | Snake:3  | Found Biolucikk's General Store.
 26413 | Snake:3  | Bought a potion of curing for 36 gold pieces
 26413 | Snake:3  | Bought the +1 pair of gloves of Deulohish {-Cast rN+++ Int+5} for 492 gold pieces
 26507 | Snake:3  | Found Piwkiceaxt's General Store.
 26515 | Snake:3  | Bought a scroll of enchant weapon for 112 gold pieces
 26560 | Snake:3  | Received a gift from Okawaru
 26681 | Snake:3  | Found Gufogi's Antique Weapon Shoppe.
 26820 | Snake:4  | Entered Level 4 of the Snake Pit
 26849 | Snake:4  | Received a gift from Okawaru
 27706 | Snake:4  | Received a gift from Okawaru
 27844 | Snake:4  | Reached XP level 18. HP: 110/110 MP: 18/18
 27892 | Snake:4  | Received a gift from Okawaru
 28252 | Snake:4  | Got a serpentine rune of Zot
 28620 | Vaults:1 | Entered Level 1 of the Vaults
 28854 | Vaults:1 | Received a gift from Okawaru
 28914 | Vaults:1 | Found Liuran's Antique Weapon Shoppe.
 28920 | Vaults:1 | Bought a shimmering mace for 288 gold pieces
 28931 | Vaults:1 | Identified the +7 mace of Nocoeniw {freeze, +Rage rF+} (You bought it in a shop on level 1 of the Vaults)
 29242 | Vaults:1 | Found a magical portal.
 29442 | Vaults:1 | Got a shimmering chain mail
 29443 | Vaults:1 | Identified the cursed +0 chain mail "Witanaom" {rPois} (You found it on level 1 of the Vaults)
 30115 | Vaults:1 | Identified Sif Muna's Compendium of the Birds and Battle Magic
 30369 | Depths:1 | Entered Level 1 of the Depths
 30429 | Depths:1 | Reached XP level 19. HP: 112/116 MP: 19/19
 30489 | Depths:1 | Received a gift from Okawaru
 30936 | Depths:1 | Found a gateway to Hell.
 32164 | Depths:1 | Got a translucent lapis lazuli ring
 32166 | Depths:1 | Got a fine amber ring
 32167 | Depths:1 | Identified the ring of Meemaen {rF+ rC+ Slay+3} (You found it on level 1 of the Depths)
 32168 | Depths:1 | Identified the ring "Alypoica" {rPois rN+ MR+ Dex+4} (You found it on level 1 of the Depths)
 32777 | Depths:1 | Received a gift from Okawaru
 32788 | Depths:1 | Got a pair of ichor-stained gloves {god gift}
 32789 | Depths:1 | Identified the +0 pair of gloves of Truth {rF+ SInv} (Okawaru gifted it to you on level 1 of the Depths)
 33432 | Shoals:1 | Entered Level 1 of the Shoals
 33586 | Shoals:1 | Reached XP level 20. HP: 124/124 MP: 20/20
 35392 | Shoals:3 | Received a gift from Okawaru
 35821 | Shoals:4 | Entered Level 4 of the Shoals
 35870 | Shoals:4 | Noticed Ilsuiw
 35895 | Shoals:4 | Noticed Donald
 35942 | Shoals:3 | Killed Donald
 36218 | Shoals:3 | Killed Ilsuiw
 37725 | Shoals:4 | Got a barnacled rune of Zot
 37788 | Shoals:4 | Reached XP level 21. HP: 131/131 MP: 21/21
 38330 | Elf:1    | Entered Level 1 of the Elven Halls
 38340 | Elf:1    | Received a gift from Okawaru
 38349 | Elf:1    | Found a radiant altar of Vehumet.
 38769 | D:15     | You paid a toll of +2 ice dragon scales to enter a treasure trove
 38770 | Trove    | Entered a treasure trove
 38801 | Trove    | Got a scintillating tin amulet
 38804 | Trove    | Identified the amulet "Xorgh" {Inacc Str+5 Int-3} (You found it in a treasure trove)
 38835 | Trove    | Reached XP level 22. HP: 137/137 MP: 22/22
 40608 | Elf:2    | Found a runed gate.
 40630 | Elf:2    | Found a runed gate.
 40681 | Elf:2    | Received a gift from Okawaru
 40760 | Elf:2    | Found a runed gate.
 41229 | Elf:3    | Entered Level 3 of the Elven Halls
 41288 | Elf:3    | Found a flickering gateway to a bazaar.
 41312 | Bazaar   | Entered a bazaar
 41316 | Bazaar   | Found Rappuwo's Antique Weapon Emporium.
 41327 | Bazaar   | Found Rannawno's Antique Armour Boutique.
 41335 | Bazaar   | Found Ulepaem's Jewellery Boutique.
 41346 | Bazaar   | Found Unoiqarph's Distillery.
 41354 | Bazaar   | Bought a potion of heal wounds for 40 gold pieces
 41357 | Bazaar   | Found Mipres's General Store.
 41397 | Bazaar   | Bought a dazzling plate armour for 784 gold pieces
 41397 | Bazaar   | Identified the +9 plate armour of Untruth {Regen+ Dex+4} (You bought it in a shop in a bazaar)
 42160 | Elf:3    | Received a gift from Okawaru
 42694 | Elf:3    | Reached XP level 23. HP: 143/143 MP: 21/23
 42871 | Elf:3    | Identified the ring "Xioviyl" {rPois rN+ Str+3} (You found it on level 3 of the Elven Halls)
 42899 | Elf:3    | Identified the Reference Book on Black Magic and Venom
 42906 | Elf:3    | Identified the Almanac of the Captivating Traveller
 43800 | Vaults:2 | Reached skill level 15 in Fighting
 43944 | Vaults:2 | Reached skill level 27 in Shields
 44483 | Vaults:2 | Received a gift from Okawaru
 45704 | Vaults:3 | Reached skill level 5 in Dodging
 45793 | Vaults:3 | Lost mutation: You have a somewhat thin skeletal structure. (Dex +2, Stealth) [potion of mutation]
 45793 | Vaults:3 | Lost mutation: You are somewhat resistant to further mutation. [potion of mutation]
 45793 | Vaults:3 | Lost mutation: You are partially covered in yellow scales. (AC +2) [potion of mutation]
 45793 | Vaults:3 | Lost mutation: Your spells are a little harder to cast, but a little more powerful. [potion of mutation]
 45793 | Vaults:3 | Gained mutation: You are partially covered in molten scales. (AC +2) [potion of mutation]
 45793 | Vaults:3 | Gained mutation: You possess an exceptional clarity of mind. [potion of mutation]
 45873 | Vaults:3 | Received a gift from Okawaru
 45879 | Vaults:3 | Reached XP level 24. HP: 152/152 MP: 23/23
 45890 | Vaults:3 | Got a pair of dazzling boots {god gift}
 45901 | Vaults:3 | Identified the +1 pair of boots "Sozik" {rElec Str-3 Dex+2 SInv} (Okawaru gifted it to you on level 3 of the Vaults)
 46229 | Vaults:3 | Noticed Mennas
 46251 | Vaults:3 | Killed Mennas
 46439 | Vaults:3 | Found a staircase to the Crypt.
 46797 | Crypt:1  | Entered Level 1 of the Crypt
 47877 | Crypt:2  | Noticed Bai Suzhen
 47889 | Crypt:1  | Killed Bai Suzhen
 47918 | Crypt:2  | Received a gift from Okawaru
 48911 | Crypt:3  | Entered Level 3 of the Crypt
 49664 | Crypt:3  | Found an ancient bone altar of Kikubaaqudgha.
 49684 | Crypt:3  | Reached XP level 25. HP: 161/161 MP: 23/23
 49710 | Crypt:3  | Identified a +2 pair of boots of running (You found it on level 3 of the Crypt)
 49977 | Crypt:3  | Found a staircase to the Tomb.
 50211 | Crypt:3  | Got a steaming marble ring
 50211 | Crypt:3  | Got a smoking amber ring
 50211 | Crypt:3  | Got a scintillating marble ring
 50212 | Crypt:3  | Identified the ring of Circularity {rN+ MR+ Str+4} (You found it on level 3 of the Crypt)
 50213 | Crypt:3  | Identified the ring of Duj Zusch {+Blink rF+ rN+ Dex+3} (You found it on level 3 of the Crypt)
 50214 | Crypt:3  | Identified the ring "Ygues" {rF- rN+ Int+3} (You found it on level 3 of the Crypt)
 50498 | Vaults:4 | Received a gift from Okawaru
 52079 | Vaults:5 | Entered Level 5 of the Vaults
 53169 | Vaults:5 | Reached XP level 26. HP: 151/170 MP: 20/23
 53285 | Vaults:5 | Reached skill level 15 in Armour
 53380 | Vaults:4 | Received a gift from Okawaru
 53702 | Vaults:5 | Noticed Jorgrun
 53745 | Vaults:5 | Killed Jorgrun
 53957 | Vaults:5 | Got a silver rune of Zot
 53967 | Vaults:5 | Got a crude jade ring
 54025 | Vaults:5 | Received a gift from Okawaru
 54177 | Vaults:5 | Identified the ring of Xoyll {rC++ MP+9 Slay+3} (You found it on level 5 of the Vaults)
 54834 | Vaults:5 | Found Noych's Weapon Shoppe.
 54838 | Vaults:5 | Identified the Reference Book on Ensnaring Flight
 55124 | Depths:2 | Noticed Asterion
 55128 | Depths:2 | Noticed Aizul
 55133 | Depths:2 | Gained mutation: You are weak. (Str -2) [a cacodemon]
 55145 | Depths:2 | Killed Aizul
 55771 | Depths:1 | Killed Asterion
 56032 | Depths:1 | Reached XP level 27. HP: 130/179 MP: 18/23
 56105 | Depths:2 | Paralysed by a floating eye for 2 turns
 56121 | Depths:1 | Received a gift from Okawaru
 56247 | Depths:2 | Noticed the Enchantress
 56247 | Depths:2 | Paralysed by a floating eye for 2 turns
 56271 | Depths:1 | Killed the Enchantress
 56589 | Depths:2 | Found a one-way gate to the infinite horrors of the Abyss.
 57392 | Depths:3 | Received a gift from Okawaru
 57493 | Depths:3 | Found a snail-covered altar of Cheibriados.
 57550 | Depths:3 | Noticed a juggernaut
 57556 | Depths:3 | Paralysed by a floating eye for 2 turns
 58181 | Depths:3 | Noticed a juggernaut
 58187 | Depths:2 | Paralysed by a floating eye for 4 turns
 58204 | Depths:2 | Killed a juggernaut
 58204 | Depths:2 | Paralysed by a floating eye for 4 turns
 58361 | Depths:2 | Killed a juggernaut
 58607 | Depths:3 | Received a gift from Okawaru
 58689 | Depths:3 | Noticed a juggernaut
 58708 | Depths:3 | Killed a juggernaut
 59250 | Depths:3 | Found a one-way gate leading to the halls of Pandemonium.
 59348 | Depths:4 | Found a gateway to a ziggurat.
 59361 | Depths:4 | Reached skill level 27 in Maces & Flails
 59387 | Depths:4 | Paralysed by a floating eye for 2 turns
 59561 | Depths:4 | Paralysed by a floating eye for 4 turns
 59570 | Depths:4 | Paralysed by a floating eye for 4 turns
 59819 | Depths:4 | Paralysed by a floating eye for 2 turns
 59931 | Depths:4 | Paralysed by a floating eye for 2 turns
 60018 | Depths:4 | Paralysed by a floating eye for 4 turns
 60091 | Depths:4 | Paralysed by a floating eye for 3 turns
 60151 | Depths:4 | Paralysed by a floating eye for 2 turns
 60167 | Depths:4 | Paralysed by a floating eye for 4 turns
 60231 | Depths:4 | Found a corrupted altar of Lugonu.
 60247 | Depths:4 | Paralysed by a floating eye for 3 turns
 60253 | Depths:4 | Paralysed by a floating eye for 3 turns
 60461 | Depths:4 | Found a transporter.
 60719 | Depths:4 | Lost mutation: You possess an exceptional clarity of mind. [a shining eye]
 60882 | Depths:4 | Received a gift from Okawaru
 60977 | Depths:5 | Entered Level 5 of the Depths
 61025 | Depths:5 | Paralysed by a floating eye for 4 turns
 61445 | Depths:5 | Lost mutation: You are partially covered in molten scales. (AC +2) [potion of mutation]
 61445 | Depths:5 | Lost mutation: You are weak. (Str -2) [potion of mutation]
 61445 | Depths:5 | Gained mutation: You have a pair of small horns on your head. [potion of mutation]
 61445 | Depths:5 | Gained mutation: Your skin changes colour to match your surroundings (Stealth+). [potion of mutation]
 61708 | Depths:5 | Found a corrupted altar of Lugonu.
 62035 | Depths:5 | Received a gift from Okawaru
 62117 | Depths:5 | Found a gate to the Realm of Zot.
 62446 | Zot:1    | Entered Level 1 of the Realm of Zot
 62460 | Zot:1    | Received a gift from Okawaru
 63104 | Zot:1    | Received a gift from Okawaru
 63350 | Zot:1    | Lost mutation: You have a pair of small horns on your head. [potion of mutation]
 63350 | Zot:1    | Lost mutation: Your skin changes colour to match your surroundings (Stealth+). [potion of mutation]
 63350 | Zot:1    | Gained mutation: Your magical capacity is low. (-10% MP) [potion of mutation]
 63350 | Zot:1    | Gained mutation: You have a pair of small horns on your head. [potion of mutation]
 64941 | Zot:3    | Received a gift from Okawaru
 65645 | Zot:4    | Received a gift from Okawaru
 65670 | Zot:4    | Got a translucent morningstar {god gift}
 65671 | Zot:4    | Identified the +12 morningstar of Amopuyk {drain, +Blink rF++ Str-2 Int+4} (Okawaru gifted it to you on level 4 of the Realm of Zot)
 66357 | Zot:5    | Entered Level 5 of the Realm of Zot
 66497 | Zot:5    | Noticed Tiamat
 66560 | Zot:5    | Killed Tiamat
 66591 | Zot:5    | Received a gift from Okawaru
 66635 | Zot:5    | Noticed an orb of fire
 66638 | Zot:5    | Gained mutation: Your spells are a little easier to cast, but a little less powerful. [an orb of fire]
 66639 | Zot:5    | Gained mutation: Your body sometimes deteriorates upon taking damage. [an orb of fire]
 66642 | Zot:5    | Gained mutation: You are dopey. (Int -2) [an orb of fire]
 66643 | Zot:5    | Killed an orb of fire
 66925 | Zot:5    | Noticed an ancient lich
 66956 | Zot:5    | Killed an ancient lich
 67204 | Zot:5    | Noticed an ancient lich
 67213 | Zot:5    | Killed an ancient lich
 67292 | Zot:5    | Received a gift from Okawaru
 67315 | Zot:5    | Got a jewelled ring mail {god gift}
 67316 | Zot:5    | Identified the +4 ring mail of Rochy {MR- Int+4} (Okawaru gifted it to you on level 5 of the Realm of Zot)
 67653 | Zot:5    | Noticed an orb of fire
 67654 | Zot:5    | Noticed an orb of fire
 67673 | Zot:5    | Gained mutation: You tend to lose your temper in combat. [an orb of fire]
 67675 | Zot:5    | Gained mutation: Scrolls take you a little longer to read. [an orb of fire]
 67681 | Zot:5    | Gained mutation: You are resistant to hostile enchantments. (MR+) [an orb of fire]
 67684 | Zot:5    | HP: 7/195 [orb of fire/fireball (16)]
 67685 | Zot:5    | Killed from afar by an orb of fire

Skill      XL: |  1  2  3  4  5  6  7  8  9 10 11 12 13 14 15 16 17 18 19 20 21 22 23 24 25 26 27 |
---------------+----------------------------------------------------------------------------------+-----
Maces & Flails | 3 4 5 6 8 10 11 13 14 15 16 17 18 19 20 21 23 24 25 27 | 27.0
Armour         | 4 5 6 7 8 9 10 11 12 13 14 16 21 | 21.7
Fighting       | 4 5 6 7 8 9 10 11 12 13 14 16 17 18 19 25 | 25.9
Shields        | 4 5 6 7 9 12 14 16 18 19 21 22 24 25 26 27 | 27.0
Dodging        | 1 2 3 4 5 7 |  7.1
Invocations    | |  0.4

Action                   |  1- 3 |  4- 6 |  7- 9 | 10-12 | 13-15 | 16-18 | 19-21 | 22-24 | 25-27 || total
-------------------------+-------+-------+-------+-------+-------+-------+-------+-------+-------++-------
Melee: Flail             |   145 |   158 |   281 |   730 |   744 |       |       |       |       ||  2058
       Great mace        |       |       |       |    87 |       |       |       |       |       ||    87
       Eveningstar       |       |       |       |       |   632 |  1441 |  1330 |  2020 |  2856 ||  8279
       Headbutt          |       |       |       |       |       |       |       |       |   410 ||   410
       Morningstar       |       |       |       |       |       |       |       |       |   361 ||   361
Invok: Finesse           |       |       |       |       |     1 |       |       |       |       ||     1
       Heroism           |       |       |       |       |       |       |       |       |     1 ||     1
 Abil: Fly               |       |       |       |       |       |       |     1 |       |       ||     1
       Evoke Blink       |       |       |       |       |       |       |       |       |     1 ||     1
Evoke: Wand              |       |       |       |     1 |       |       |       |       |     5 ||     6
  Use: Scroll            |       |    13 |     6 |     8 |    18 |    14 |    20 |    16 |    29 ||   124
       Potion            |       |     7 |     3 |     3 |     7 |     1 |     3 |     2 |    17 ||    43
 Stab: Invisible         |       |     2 |       |     3 |       |       |       |       |       ||     5
       Held in net/web   |       |       |       |       |       |       |     1 |       |     1 ||     2
       Distracted        |       |       |       |       |       |       |       |     1 |     1 ||     2
  Eat: Chunk             |       |     6 |     6 |    22 |    33 |    17 |    10 |    23 |    33 ||   150
       Fruit             |       |       |     3 |       |       |       |       |       |       ||     3
       Royal jelly       |       |       |       |     2 |     3 |     5 |     9 |     3 |     6 ||    28
       Meat ration       |       |       |       |       |       |       |       |     2 |     3 ||     5
       Bread ration      |       |       |       |       |       |       |       |       |     1 ||     1
Armor: Scale mail        |   118 |    66 |       |       |       |       |       |       |       ||   184
       Chain mail        |       |    13 |   133 |       |       |       |       |       |       ||   146
       Plate armour      |       |       |    66 |   407 |   411 |   407 |   508 |   511 |  1646 ||  3956
       Skin              |       |       |       |       |     2 |       |       |       |       ||     2
Dodge: Dodged            |    78 |    41 |    79 |   165 |   195 |   211 |   240 |   271 |   524 ||  1804
Block: Shield            |    98 |    79 |   172 |   129 |       |       |       |       |  3415 ||  3893
       Large shield      |       |       |       |   501 |  1297 |  2044 |  1826 |  2266 |  1488 ||  9422
       Reflection        |       |       |       |       |    16 |   196 |   173 |    90 |   198 ||   673
